 Dungeon Crawl Stone Soup version 0.20.1-1-g8b1a95d (webtiles) character file.

8337 Folque the Nimble (level 10, -7/99 HPs)
             Began as a Demigod Wanderer on Oct 24, 2017.
             Mangled by a two-headed ogre
             ... wielding a +0 dire flail
              (14 damage)
             ... on level 10 of the Dungeon.
             The game lasted 01:25:40 (9579 turns).

Folque the Nimble (Demigod Wanderer)                Turns: 9579, Time: 01:25:40

Health: -7/99      AC: 17    Str: 17    XL:     10   Next: 82%
Magic:  13/13      EV: 15    Int: 16    God:
Gold:   578        SH: 12    Dex: 19    Spells: 9/9 levels left

rFire    . . .     SeeInvis .   G - +3 short sword (curse)
rCold    + . .     Gourm    .   L - +1 shield {AC+3}
rNeg     . . .     Faith    .   H - +0 scale mail (curse)
rPois    .         Spirit   .   y - +0 helmet
rElec    .         Reflect  .   N - +1 cloak
rCorr    .         Harm     .   i - +0 pair of gloves
MR       +....                  k - +1 pair of boots
Stlth    +.........             K - amulet of Vitality {Regen+ HP+15}
Regen    0.7/turn               x - ring of protection from cold
MPRegen  0.2/turn               (no ring)

@: about to teleport
A: high mp 1
a: no special abilities


You were on level 10 of the Dungeon.
You were not hungry.

You visited 2 branches of the dungeon, and saw 11 of its levels.
You also visited: Bailey.

You collected 578 gold pieces.

Inventory:

Hand Weapons
 a - a +2 hand crossbow
 u - a +4 dagger of flaming
 G - a cursed +3 short sword (weapon)
 J - the +3 long sword "Xotub" {slice, rElec MR+, unknown}
   (You found it on level 8 of the Dungeon)

   It inflicts extra damage upon your enemies.
   It insulates you from electricity.
   It affects your resistance to hostile enchantments.
 M - a +2 quarterstaff of chaos
 R - a +5 short sword of freezing
Missiles
 b - 71 bolts
Armour
 c - a +0 ring mail
 g - a +0 plate armour
 i - a +0 pair of gloves (worn)
 k - a +1 pair of boots (worn)
 l - a +3 shield
 s - a +0 buckler
 y - a +0 helmet (worn)
 F - a +0 chain mail
 H - a cursed +0 scale mail (worn)
 L - a +1 shield of protection (worn)
 N - a +1 cloak (worn)
 W - a +1 hat
Jewellery
 x - a ring of protection from cold (left hand)
 K - the amulet of Vitality (around neck) {Regen+ HP+15}
   (You acquired it on level 5 of the Dungeon)

   [amulet of regeneration]

   It affects your health (+15).
   It increases your rate of regeneration.
 P - an uncursed ring of wizardry {unknown}
 U - an uncursed ring of wizardry {unknown}
Wands
 v - a wand of confusion (29/48)
 I - a wand of digging (24/24)
 S - a wand of iceblast (7/15)
Scrolls
 d - a scroll of teleportation
 C - 3 scrolls of fog
 Q - 6 scrolls of identify
 T - 2 scrolls of enchant weapon {unknown}
 V - a scroll of fear {unknown}
Potions
 e - 2 potions of brilliance
 j - 6 potions of cancellation
 m - a potion of magic {unknown}
 n - a potion of invisibility {unknown}
 o - a potion of degeneration {unknown}
 q - 4 potions of agility
 t - a potion of resistance {unknown}
 w - 2 potions of lignification {unknown}
 z - 5 potions of mutation {unknown}
 A - 2 potions of curing
 B - a potion of haste {unknown}
 E - 2 potions of flight {unknown}
 O - a potion of berserk rage {unknown}
Books
 r - a book of Misfortune

   Spells                             Type                      Level
   a - Confusing Touch                Hexes                        1
   b - Confuse                        Hexes                        3
   c - Gell's Gravitas                Translocation                3
   d - Petrify                        Transmutation/Earth          4
   e - Metabolic Englaciation         Hexes/Ice                    5
   f - Yara's Violent Unravelling     Hexes/Transmutation          5
Comestibles
 f - 9 bread rations
 h - 5 royal jellies
 p - 11 fruits
 D - 5 meat rations
 X - 2 chunks of flesh


   Skills:
 * Level 6.9 Fighting
 - Level 4.0 Short Blades
   Level 1.0 Bows
 - Level 3.3 Crossbows
 - Level 1.0 Throwing
 - Level 6.2 Armour
 + Level 9.7 Dodging
 - Level 1.0 Stealth
 - Level 7.0 Shields


You had 9 spell levels left.
You didn't know any spells.

Dungeon Overview and Level Annotations

Branches:
Dungeon (10/15)            Temple (1/1) D:6            Lair (0/6) D:10
    Orc: D:9-12

Shops:
D:4 (


Innate Abilities, Weirdness & Mutations

You have an increased reservoir of magic. (+10% MP)


Message History

You puncture the two-headed ogre!
The two-headed ogre is heavily wounded.
You block the centaur warrior zombie's attack.
You block the two-headed ogre's attack. x2
The centaur warrior zombie hits you but does no damage.
You hit the two-headed ogre.
The two-headed ogre is heavily wounded.
You block the centaur warrior zombie's attack.
You hit the two-headed ogre.
The two-headed ogre is severely wounded.
The two-headed ogre hits you with a dire flail!
* * * LOW HITPOINT WARNING * * *
The two-headed ogre hits you with a giant spiked club!
* * * LOW HITPOINT WARNING * * *
The centaur warrior zombie closely misses you.
As you read the scroll of teleportation, it crumbles to dust.
You feel strangely unstable. The centaur warrior zombie hits you.
* * * LOW HITPOINT WARNING * * *
The two-headed ogre hits you with a dire flail!
You die...

..........##...##
.........#####..###
........## ##...###
#......##
###......# #...####
##.....##...# ##.##
#......## .... #..#
#.......# ..# #.##
#......Z#....# #.#
#.....@O.....# .##
#.......#....# ##
#.......#....#
#......## ..#
########


You could see a two-headed ogre and a centaur warrior zombie.

Vanquished Creatures
  Gastronok (D:10)
  A two-headed ogre (D:7)
  Pikel (D:6)
  The ghost of Romulous the Cleaver, a novice MiFi of Okawaru (Bailey)
  Joseph (D:8)
  Prince Ribbit (D:5)
  2 hippogriffs (D:9)
  A spriggan (D:8)
  A yak (D:8)
  A wyvern (D:9)
  A hungry ghost (D:9)
  Edmund (D:5)
  Duvessa (D:6)
  A soldier ant (D:9)
  2 orc warriors
  2 ice beasts
  2 phantoms
  4 sky beasts
  2 black bears
  An eye of draining (D:9)
  An ogre (D:7)
  A big kobold (D:9)
  2 bullfrogs (D:8)
  Blork the orc (D:6)
  A gnoll sergeant (D:8)
  4 scorpions
  8 wights
  3 howler monkeys
  A quasit (D:9)
  A bullfrog zombie (D:5)
  2 crimson imps
  Crazy Yiuf (D:5)
  2 bullfrog skeletons
  2 orc priests
  4 hounds
  2 jellies
  8 orc wizards
  2 worker ants (D:5)
  2 hound zombies
  A hound skeleton (D:5)
  8 adders
  12 gnolls
  A shadow imp (D:9)
  3 oozes
  3 worms
  4 dart slugs
  7 leopard geckos
  21 orcs
  3 ball pythons
  4 giant cockroaches
  7 goblins
  7 hobgoblins
  15 jackals
  2 quokkas
  A ball python skeleton (D:6)
  10 bats
  7 frilled lizards
  A jackal zombie (D:6)
  14 kobolds
  A leopard gecko skeleton (D:8)
  4 quokka skeletons
  13 rats
225 creatures vanquished.

Vanquished Creatures (others)
  2 slaves (D:6)
  Dowan (D:6)
3 creatures vanquished.

Grand Total: 228 creatures vanquished

Notes
Turn   | Place    | Note
-------+----------+-------------------------------------------
     0 | D:1      | Folque the Demigod Wanderer began the quest for the Orb.
     0 | D:1      | Folque set off with: a +2 hand crossbow, 24 bolts, a +0 ring mail, a scroll of teleportation, a bread ration
     0 | D:1      | Reached XP level 1. HP: 17/17 MP: 3/3
   239 | D:1      | Reached XP level 2. HP: 20/24 MP: 4/4
  1056 | D:1      | Reached XP level 3. HP: 30/30 MP: 5/5
  1336 | D:2      | Reached skill level 1 in Shields
  1375 | D:2      | Found a blossoming altar of Fedhas.
  1479 | D:2      | Reached XP level 4. HP: 36/38 MP: 6/6
  1523 | D:2      | Found a glowing silver altar of Zin.
  1523 | D:2      | Found an opulent altar of Gozag.
  2221 | D:3      | Reached skill level 1 in Short Blades
  2228 | D:3      | Reached XP level 5. HP: 45/45 MP: 7/7
  2951 | D:4      | Found Leoti's Antique Weapon Boutique.
  3192 | D:5      | Entered Level 5 of the Dungeon
  3274 | D:5      | Identified a scroll of acquirement
  3330 | D:5      | Reached XP level 6. HP: 51/51 MP: 8/8
  3332 | D:5      | Noticed Prince Ribbit
  3359 | D:5      | Killed Prince Ribbit
  3598 | D:5      | Reached XP level 7. HP: 55/57 MP: 9/9
  3824 | D:5      | Noticed Edmund
  3880 | D:5      | Killed Edmund
  3880 | D:5      | Reached skill level 5 in Armour
  4233 | D:5      | Found a runed door.
  4238 | D:5      | Noticed Crazy Yiuf
  4248 | D:5      | Killed Crazy Yiuf
  4473 | D:6      | Noticed Blork the orc
  4488 | D:6      | Killed Blork the orc
  4488 | D:6      | Reached skill level 5 in Shields
  4488 | D:6      | Reached XP level 8. HP: 63/63 MP: 10/10
  4513 | D:6      | Noticed Pikel
  4527 | D:6      | Killed Pikel
  4527 | D:6      | Reached skill level 3 in Dodging
  4635 | D:6      | Reached skill level 4 in Dodging
  4647 | D:6      | Killed Dowan
  4742 | D:6      | Found a staircase to the Ecumenical Temple.
  4751 | Temple   | Entered the Ecumenical Temple
  5305 | D:6      | Noticed Duvessa
  5335 | D:6      | Killed Duvessa
  5444 | D:7      | Found a burning altar of Makhleb.
  5491 | D:7      | Found a flagged portal.
  5500 | Bailey   | Entered a bailey
  5500 | Bailey   | Noticed Romulous's ghost (novice MiFi)
  5567 | Bailey   | Killed Romulous's ghost
  5567 | Bailey   | Reached skill level 5 in Dodging
  5567 | Bailey   | Reached XP level 9. HP: 32/70 MP: 11/11
  5576 | Bailey   | Noticed Turtleman12345's ghost (novice MiFi)
  5936 | D:7      | Reached skill level 6 in Dodging
  6250 | D:8      | Noticed Joseph
  6399 | D:8      | Got a faintly glowing long sword
  6442 | D:8      | Reached skill level 7 in Dodging
  6489 | D:8      | Noticed a two-headed ogre
  6760 | D:7      | Killed a two-headed ogre
  6760 | D:7      | Reached skill level 8 in Dodging
  7295 | D:8      | Reached XP level 10. HP: 77/77 MP: 13/13
  7373 | D:8      | Killed Joseph
  7858 | D:8      | Found a sparkling altar of Nemelex Xobeh.
  7861 | D:8      | Found a sacrificial altar of Ru.
  7872 | D:8      | Found a glowing golden altar of the Shining One.
  8034 | D:8      | Found a deep blue altar of Sif Muna.
  8369 | D:9      | Found a shadowy altar of Dithmenos.
  8414 | D:9      | Found a hazy altar of Hepliaklqana.
  8414 | D:9      | Found a radiant altar of Vehumet.
  8428 | D:9      | Reached skill level 9 in Dodging
  8588 | D:9      | Reached skill level 5 in Fighting
  8911 | D:10     | Entered Level 10 of the Dungeon
  9087 | D:10     | Found a staircase to the Lair.
  9108 | D:10     | Noticed Gastronok
  9342 | D:10     | Killed Gastronok
  9555 | D:10     | Noticed a two-headed ogre
  9579 | D:10     | Mangled by a two-headed ogre

Skill      XL: |  1  2  3  4  5  6  7  8  9 10 |
---------------+-------------------------------+-----
Fighting       | 2 3 6 |  6.9
Crossbows      | 3 |  3.3
Shields        | 1 2 3 4 5 6 7 |  7.0
Short Blades   | 1 2 3 4 |  4.0
Armour         | 2 4 6 |  6.2
Dodging        | 5 8 9 |  9.7
Bows           | |  1.0
Throwing       | |  1.0
Stealth        | |  1.0

Action                   |  1- 3 |  4- 6 |  7- 9 | 10-12 || total
-------------------------+-------+-------+-------+-------++-------
Melee: Club              |    16 |       |       |       ||    16
       Dagger            |    97 |   140 |   276 |       ||   513
       Short sword       |       |       |   454 |   505 ||   959
 Fire: Hand crossbow     |    42 |    32 |    56 |       ||   130
  Use: Scroll            |     6 |     5 |    11 |     1 ||    23
       Potion            |       |     2 |     3 |     1 ||     6
 Stab: Distracted        |     1 |       |       |       ||     1
       Sleeping          |     1 |       |       |       ||     1
  Eat: Chunk             |     2 |     6 |     9 |     5 ||    22
       Bread ration      |       |       |     1 |     3 ||     4
       Fruit             |       |       |       |     1 ||     1
Armor: Ring mail         |    38 |     6 |       |       ||    44
       Scale mail        |       |    75 |   209 |   151 ||   435
       Chain mail        |       |    12 |       |       ||    12
Dodge: Dodged            |    39 |    51 |   229 |   194 ||   513
Block: Shield            |    42 |    81 |   495 |   248 ||   866
